AoeStats
← zlt1900

Arabia

509356306Analyzed
1v1 RM · 5d ago on Sep 26, 2026· 50m 13s· 2 players
Game mode
Random Map
Map size
Tiny (2 player)
Population
200
Speed
Normal
Resources
Standard
Victory
Conquest
Starting age
Dark Age
Ending age
Imperial Age
RankedLock teamsTeams togetherTeam positionsShared explorationLock speedFull tech treeHidden civsTurbo modeCheats
Victory
Defeat
🇨🇳 Cumans · China
461
+14
🇮🇹 Franks · Italy
412
-14
ClaT01
0:35 Loom
12:22 Feudal Age
13:40 Double-Bit Axe
20:32 Gold Mining
20:32 Stone Mining
24:30 Castle Age
23:08 Wheelbarrow
22:19 Town Watch
26:00 Forging
25:41 Fletching
25:52 Padded Archer Armor
25:52 Scale Mail Armor
26:35 Fervor
27:26 Hand Cart
27:12 Town Patrol
28:13 Bow Saw
29:03 Sanctity
32:44 Iron Casting
32:51 Gold Shaft Mining
32:44 Leather Archer Armor
33:13 Ordonnance Companies
43:40 Imperial Age
44:40 Elite Throwing Axeman
47:08 Blast Furnace
47:35 Bodkin Arrow
49:41 Chemistry
49:37 Chain Mail Armor
zlt1900
12:04 Feudal Age
13:37 Double-Bit Axe
13:35 Horse Collar
16:55 Gold Mining
21:09 Castle Age
20:24 Scale Barding Armor
20:30 Forging
20:25 Scale Mail Armor
20:44 Forging
21:56 Squires
21:17 Pikeman
22:10 Stone Mining
23:00 Bow Saw
26:01 Gold Shaft Mining
28:40 Iron Casting
32:08 Bloodlines
35:28 Wheelbarrow
34:39 Town Watch
35:25 Town Patrol
37:47 Chain Barding Armor
41:20 Imperial Age
42:44 Plate Barding Armor
42:33 Onager
43:52 Conscription
43:39 Steppe Husbandry
44:41 Padded Archer Armor
44:32 Fletching
45:42 Blast Furnace
44:27 Elite Steppe Lancer
47:39 Two-Man Saw
46:47 Heavy Plow
46:32 Elite Kipchak
47:31 Bodkin Arrow
47:52 Leather Archer Armor
49:45 Hand Cart
Connection lost

Rejoining the realm…

Still unreachable

The connection could not be restored.

Session expired

The server has moved on; the page needs a fresh start.